 Dungeon Crawl Stone Soup version 0.13-a0-1693-g8ac13c1 (webtiles) character file.

120304 Koal the Destroyer (level 16, -8/118 HPs)
             Began as a White Draconian Fire Elementalist on June 20, 2013.
             Was the Champion of Vehumet.
             Mangled by a stone giant skeleton (32 damage)
             ... on Level 18 of the Dungeon.
             The game lasted 05:52:22 (41926 turns).

Koal the Destroyer (DrFE)                          Turns: 41926, Time: 05:52:22

HP  -8/118       AC 12     Str 11      XL: 16   Next: 36%
MP  30/34        EV 17     Int 21      God: Vehumet [******]
Gold 2487        SH  0     Dex 13      Spells:  9 memorised,  3 levels left

Res.Fire  : + + .   See Invis. : +   a - +1 halberd (venom)
Res.Cold  : + . .   Warding    : .   (armour unavailable)
Life Prot.: + . .   Conserve   : +   (no shield)
Res.Poison: +       Res.Corr.  : +   I - +0 mask of the Dragon {MR+ Acc+3 Dam+3 SIn Res.Elec. : + Clarity : . v - +0 cloak {rCorr, Cons}
Sust.Abil.: . .     Spirit.Shd : .   L - +0 pair of gauntlets
Res.Mut.  : .       Stasis     : .   i - +0 pair of boots
Res.Rott. : .       Flight     : .   g - amulet of the gourmand
Gourmand  : +                        z - ring of Xom's Best Wishes {+Fly rElec rPoi N - cursed +4,+6 ring of slaying

@: extraordinarily resistant to hostile enchantments, fairly stealthy
A: breathe frost, unfitting armour, cold resistance 1, AC +9
a: Breathe Frost, Renounce Religion, Evoke Flight


You were on level 18 of the Dungeon.
You worshipped Vehumet.
Vehumet was exalted by your worship.
You were full.

You visited 4 branches of the dungeon, and saw 31 of its levels.
You also visited: Labyrinth.

You collected 2966 gold pieces.
You spent 499 gold pieces at shops.

Inventory:

Hand weapons
 a - a +1,+1 halberd of venom (weapon)
Armour
 i - a +0 pair of boots (worn)
 v - a +0 cloak of preservation (worn)
 I - the +0 mask of the Dragon (worn) {MR+ Acc+3 Dam+3 SInv}
   (You found it on level 11 of the Dungeon)

   It affects your accuracy (+3).
   It affects your damage-dealing abilities (+3).
   It affects your resistance to hostile enchantments.
   It enhances your eyesight.
 L - a +0 pair of gauntlets (worn)
Magical devices
 l - a wand of digging (8)
 n - a wand of flame (0)
 p - a wand of digging (13)
 x - a wand of heal wounds (4)
Comestibles
 j - 5 chokos
 o - 4 apricots
 t - a meat ration
Scrolls
 f - 4 scrolls of remove curse
 h - a scroll of recharging
 m - 5 scrolls of identify
 q - a scroll of enchant weapon I
 B - a scroll of enchant armour
 C - 5 scrolls of teleportation
 D - 3 scrolls of fog
 H - 3 scrolls of fear
 J - a scroll of acquirement {unknown}
 P - a scroll of magic mapping
Jewellery
 c - an uncursed amulet of clarity
 d - an uncursed ring of life protection
 g - an amulet of the gourmand (around neck)
 w - an uncursed ring of wizardry
 z - the ring of Xom's Best Wishes (right hand) {+Fly rElec rPois rF++ rN+ MR++}
   (You found it on level 8 of the Lair of Beasts)

   [ring of flight]

   It greatly protects you from fire.
   It insulates you from electricity.
   It protects you from poison.
   It protects you from negative energy.
   It affects your resistance to hostile enchantments.
 G - the ring of the Four Beds {Ice Int+3}
   (You found it in a labyrinth)

   [ring of ice]

   It affects your intelligence (+3).
 N - a cursed +4,+6 ring of slaying (left hand)
Potions
 e - a potion of berserk rage
 k - a potion of speed
 r - 10 potions of curing
 s - a potion of agility
 u - 3 potions of might
 y - 4 potions of heal wounds
 A - a potion of restore abilities
 E - a potion of magic
 F - a potion of cure mutation
Magical staves
 b - an uncursed staff of conjuration {!a}


   Skills:
 - Level 6.2 Fighting
 - Level 14.2 Polearms
 + Level 10.2 Dodging
 - Level 1.7 Stealth
 - Level 4.1 Traps
 - Level 12.0 Spellcasting
 + Level 16.3 Conjurations
 - Level 3.1 Charms
 - Level 2.0 Translocations
 - Level 3.2 Fire Magic
 - Level 16.0 Ice Magic
 - Level 4.2 Air Magic


You had 3 spell levels left.
You knew the following spells:

 Your Spells              Type           Power        Failure   Level  Hunger
a - Flame Tongue          Conj/Fire      #####        1%          1    None
b - Conjure Flame         Conj/Fire      ######..     1%          3    None
c - Sticky Flame          Conj/Fire      ######..     1%          4    None
d - Ozocubu's Armour      Chrm/Ice       ######....   1%          3    None
e - Bolt of Cold          Conj/Ice       ######....   1%          6    #####..
f - Ice Storm             Conj/Ice       ######....   96%         9    #######
g - Repel Missiles        Chrm/Air       ####......   1%          2    None
h - Blink                 Tloc           N/A          3%          2    None
i - Freezing Cloud        Conj/Ice/Air   ######....   2%          6    #####..


Dungeon Overview and Level Annotations

Branches:
Dungeon (18/27)            Temple (1/1) D:6             Orc (4/4) D:7
    Elf (0/3) Orc:4          Lair (8/8) D:13          Swamp (0/5) Lair:4
  Snake (0/5) Lair:3        Slime (0/6) Lair:7       Vaults (0/5) D:15

Altars:
Ashenzari
Cheibriados
Elyvilon
Fedhas
Kikubaaqudgha
Makhleb
Nemelex Xobeh
Okawaru
Sif Muna
Trog
Vehumet
Xom
Yredelemnul
Zin
the Shining One
Beogh
Jiyva

Shops:
D:4: * D:5: [ D:15: ( D:16: ( Orc:4: /+??!????

Portals:
Ziggurat: D:7 (5860 gp)

Annotations
D:3 Sigmund
D:9 exclusion: door
D:15 exclusion: Roxanne, Roxanne


Innate Abilities, Weirdness & Mutations

You can breathe waves of freezing cold.
You can buffet flying creatures when you breathe cold.
Your icy white scales are hard (AC +9).
Your body does not fit into most forms of armour.
Your cold-blooded metabolism reacts poorly to cold.
Your flesh is cold resistant.


Message History

You are too injured to fight recklessly!
You are too injured to fight recklessly!
Attack whom?
Press: ? - help, Dir - move target cursor, f - stone giant skeleton
Aim: a stone giant skeleton You reach to attack!
You impale the stone giant skeleton!!
Attack whom?
Press: ? - help, Dir - move target cursor, f/p - stone giant skeleton
Aim: a stone giant skeleton You reach to attack!
You puncture the stone giant skeleton!
Casting: Freezing Cloud
Confirm with . or Enter, or press ? or * to list all spells.
Aiming: Sticky Flame
Press: ? - help, Shift-Dir - straight line, f/p - stone giant skeleton
Aim: a stone giant skeleton The sticky flame hits the stone giant skeleton.
The stone giant skeleton is covered in liquid flames!
Your icy armour melts away.
The stone giant skeleton burns!
The stone giant skeleton hits you!
You die...

≈≈≈≈≈..# #.# #. ≈≈PP≈###
#.### #. ≈≈P♣.# #...# ###
#. ♣♣♣..# ###.# #.# ## ##
.##..# #.# #####.# #.#
.##..# #.# #.....##.#
.##..# #.# #.###.#.#
.##..########.###Z# #u§#
###.............@.###§#§#
###..#############....##§#
.....# #.##.# #§# ###..#
#.##.# #.# ))...# #.##.#
#)# ####.# ##### #.##.# #
#.# ##...#####.##.#
####.####.............#
..##..............>...#


You could see a stone giant skeleton (burning).

Vanquished Creatures
  Rupert (Lair:4)
  A frost giant (D:18)
  An orc warlord (Orc:4)
  Maud (D:15)
  Louise (D:16)
  Azrael (D:16)
  A minotaur (Lab)
  2 dragons
  An ogre mage (D:18)
  Erica (D:11)
  Josephine (D:11)
  7 hydras
  A stone giant zombie (D:18)
  8 orc high priests (Orc:4)
  2 death yaks (Lair:8)
  Nergalle (D:11)
  5 centaur warriors
  Erolcha (D:10)
  3 unseen horrors
  8 skeletal warriors
  4 orc knights
  5 hill giants
  3 harpies (D:18)
  A giant amoeba (D:18)
  3 hydra zombies
  A wolf spider (D:18)
  An orc sorcerer (Orc:4)
  2 griffons
  An oklob plant (Lair:8)
  A spiny worm (Lair:8)
  Maurice (Orc:1)
  4 cyclopes
  6 black mambas
  4 elephant slugs
  12 elephants
  A feature mimic (D:16)
  18 spiny frogs
  A dragon skeleton (D:17)
  5 yaktaurs
  3 hill giant zombies
  25 ugly things
  13 trolls
  27 slime creatures
  A mermaid (shapeshifter) (D:15)
  A hill giant skeleton (D:11)
  Sonja (D:15)
  3 polar bears
  7 komodo dragons
  9 two-headed ogres
  A two-headed ogre (shapeshifter) (D:15)
  A basilisk (Lair:1)
  A trapdoor spider simulacrum (D:15)
  6 blink frogs
  69 yaks
  4 shadows
  4 wraiths
  A wyvern (D:10)
  A merfolk (D:14)
  9 hippogriffs
  A hungry ghost (D:15)
  A fire crab zombie (D:18)
  Grum (Orc:2)
  A trapdoor spider (D:18)
  14 war dogs
  4 fire drakes
  2 fire elementals (D:16)
  11 vampire mosquitoes
  A deep elf fighter (D:18)
  Edmund (D:8)
  7 hell hounds
  A boulder beetle (Lair:8)
  2 mottled dragons (D:17)
  A yaktaur skeleton (D:17)
  3 cyclops zombies
  A manticore zombie (D:11)
  2 necrophages
  A deep elf priest (D:8)
  An ice beast (D:8)
  17 orc warriors
  7 phantoms
  3 manticores
  A manticore skeleton (D:9)
  3 giant goldfish (D:13)
  2 troll zombies (D:7)
  13 ogres
  4 sky beasts
  9 centaurs
  2 yak skeletons
  2 yellow wasps
  2 boring beetles (Lair:8)
  15 crocodiles
  A hippogriff skeleton (D:11)
  17 giant frogs
  2 troll skeletons
  A rotting devil (Orc:4)
  11 wargs
  3 giant slugs
  6 wolves
  A giant frog zombie (D:12)
  A two-headed ogre zombie (D:15)
  2 basilisk zombies
  A cyclops simulacrum (D:11)
  18 water moccasins
  4 agate snails
  3 soldier ant zombies
  16 big kobolds
  A giant frog skeleton (D:12)
  A yak simulacrum (D:11)
  A spectral orc (D:10)
  4 eyes of draining
  13 killer bees
  A jellyfish (D:18)
  9 wights
  7 electric eels
  8 crimson imps
  A sky beast zombie (D:10)
  5 ogre zombies (D:7)
  A gnoll shaman (D:7)
  2 ogre skeletons
  18 hounds
  3 scorpions
  A goliath beetle (D:10)
  A human (D:14)
  34 orc priests
  A hound zombie (D:6)
  4 iguanas
  22 orc wizards
  7 worker ants
  9 porcupines
  A worker ant zombie (D:8)
  17 sheep
  Jessica (D:2)
  5 jellies
  8 boggarts
  A goliath beetle zombie (D:10)
  50 green rats
  7 giant centipedes
  26 adders
  20 gnolls
  7 giant mites
  13 worms
  3 giant eyeballs
  A gnoll skeleton (D:6)
  2 oozes (D:1)
  181 orcs
  4 ball pythons
  15 hobgoblins
  21 jackals
  41 kobolds
  11 quokkas
  27 bats
  5 giant cockroaches
  10 giant geckos
  6 giant newts
  2 giant spores
  24 goblins
  A goblin skeleton (D:7)
  2 goblin zombies (D:7)
  4 hobgoblin skeletons
  4 hobgoblin zombies
  A kobold skeleton (D:5)
  5 orc skeletons
  10 orc zombies
  A quokka zombie (D:6)
  22 rats
  A rat skeleton (D:7)
  6 ballistomycetes
  3 bushes (Lair:8)
  4 fungi (Lair:8)
  9 plants
1268 creatures vanquished.

Vanquished Creatures (others)
  A centaur (D:17)
  2 orcs
  2 goblins
  2 orc skeletons (D:7)
  A quokka (Lair:4)
  7 fungi (Lair:8)
  15 plants
30 creatures vanquished.

Grand Total: 1298 creatures vanquished

Notes
Turn   | Place    | Note
--------------------------------------------------------------
     0 | D:1      | Koal, the Draconian Fire Elementalist, began the quest for the Orb.
     0 | D:1      | Reached XP level 1. HP: 14/14 MP: 3/3
    89 | D:1      | Reached XP level 2. HP: 20/20 MP: 1/4
   410 | D:1      | Reached XP level 3. HP: 24/26 MP: 2/5
  1650 | D:2      | Reached XP level 4. HP: 29/33 MP: 0/7
  1791 | D:2      | Found a glowing golden altar of the Shining One.
  2182 | D:2      | Noticed Jessica
  2186 | D:2      | Killed Jessica
  2273 | D:2      | Reached skill level 4 in Conjurations
  2416 | D:2      | Learned a level 3 spell: Conjure Flame
  2447 | D:2      | Reached XP level 5. HP: 38/38 MP: 8/8
  2744 | D:3      | Found an ancient bone altar of Kikubaaqudgha.
  2993 | D:3      | Noticed Sigmund
  3400 | D:4      | Noticed an ogre
  3411 | D:4      | Killed an ogre
  3411 | D:4      | Reached skill level 5 in Conjurations
  3411 | D:4      | Reached XP level 6. HP: 45/45 MP: 2/10
  3665 | D:4      | Found Uheoral's General Store.
  3681 | D:4      | Bought a scroll of identify for 22 gold pieces
  3681 | D:4      | Bought a potion of agility for 27 gold pieces
  3681 | D:4      | Bought a potion of curing for 22 gold pieces
  3704 | D:4      | Learned a level 4 spell: Sticky Flame
  4112 | D:5      | Entered Level 5 of the Dungeon
  4386 | D:5      | Found Ruff's Armour Shop.
  4397 | D:5      | Bought a +0 cloak of preservation for 60 gold pieces
  4572 | D:5      | Reached skill level 6 in Conjurations
  4756 | D:5      | Your scales start taking on an icy white colour.
  4756 | D:5      | Gained mutation: Your flesh is cold resistant. [draconian maturity]
  4756 | D:5      | Reached XP level 7. HP: 34/50 MP: 6/12
  4915 | D:5      | Reached skill level 7 in Conjurations
  5914 | D:5      | Reached skill level 8 in Conjurations
  6318 | D:5      | Reached XP level 8. HP: 50/57 MP: 9/15
  7091 | D:6      | Found a snail-covered altar of Cheibriados.
  7123 | D:6      | Reached skill level 9 in Conjurations
  7282 | D:6      | Found a staircase to the Ecumenical Temple.
  7325 | Temple   | Entered the Ecumenical Temple
  7362 | Temple   | Became a worshipper of Vehumet
  7399 | Temple   | Learned a level 3 spell: Ozocubu's Armour
  7535 | D:6      | Reached skill level 1 in Ice Magic
  7974 | D:6      | Reached XP level 9. HP: 40/62 MP: 14/19
  8231 | D:7      | Found a gateway to a ziggurat.
  9124 | D:7      | Acquired Vehumet's first power
  9124 | D:7      | Offered knowledge of Sandblast by Vehumet.
  9204 | D:7      | Reached skill level 5 in Spellcasting
  9241 | D:7      | Reached skill level 10 in Conjurations
  9256 | D:7      | Found a staircase to the Orcish Mines.
  9484 | D:7      | Offered knowledge of Shock by Vehumet.
  9748 | D:7      | Reached XP level 10. HP: 69/69 MP: 22/22
 10072 | D:8      | Found a deep blue altar of Sif Muna.
 10103 | D:8      | Offered knowledge of Dazzling Spray by Vehumet.
 10103 | D:8      | Reached skill level 11 in Conjurations
 10115 | D:8      | Reached XP level 9. HP: 43/62 MP: 18/21
 10524 | D:8      | Reached skill level 1 in Polearms
 10532 | D:8      | Acquired Vehumet's second power
 10624 | D:8      | Reached XP level 10. HP: 69/69 MP: 15/23
 10742 | D:8      | Found a snail-covered altar of Cheibriados.
 10797 | D:8      | Noticed Edmund
 10806 | D:8      | Killed Edmund
 10888 | D:8      | Reached skill level 5 in Polearms
 10994 | D:8      | Offered knowledge of Stone Arrow by Vehumet.
 11313 | Temple   | Learned a level 3 spell: Mephitic Cloud
 11319 | Temple   | Learned a level 5 spell: Fireball
 11665 | D:9      | Found a deep blue altar of Sif Muna.
 11927 | D:9      | Acquired Vehumet's third power
 11967 | D:9      | Offered knowledge of Iskenderun's Mystic Blast by Vehumet.
 12447 | D:10     | Entered Level 10 of the Dungeon
 12905 | D:10     | Noticed Erolcha
 13169 | D:10     | Killed Erolcha
 13169 | D:10     | Reached XP level 11. HP: 57/74 MP: 9/24
 13440 | D:10     | Reached skill level 5 in Dodging
 13940 | D:11     | Noticed Erica
 13955 | D:11     | Killed Erica
 14146 | D:11     | Noticed Nergalle
 14180 | D:11     | Killed Nergalle
 14561 | D:11     | Noticed Josephine
 14570 | D:11     | Killed Josephine
 14801 | D:11     | Noticed a four-headed hydra
 15139 | D:11     | Killed a four-headed hydra
 15139 | D:11     | Reached skill level 12 in Conjurations
 15390 | D:11     | Offered knowledge of Bolt of Draining by Vehumet.
 15913 | D:12     | Reached skill level 13 in Conjurations
 16460 | D:12     | Reached XP level 12. HP: 91/91 MP: 26/26
 16876 | D:13     | Noticed a centaur warrior
 16899 | D:13     | Killed a centaur warrior
 17250 | D:13     | Found a labyrinth entrance.
 17258 | Lab      | Entered a labyrinth
 17639 | Lab      | Noticed a minotaur
 17643 | Lab      | Killed a minotaur
 17643 | Lab      | Reached skill level 14 in Conjurations
 17766 | Lab      | Got a slimy bronze ring
 17767 | Lab      | Got a slimy cloak
 17867 | D:13     | Identified the ring of the Four Beds {Ice Int+3} (You found it in a labyrinth)
 17873 | D:13     | Identified the +2 cloak of Duyss {rF+ rC+ Stlth-} (You found it in a labyrinth)
 18108 | D:13     | Found a staircase to the Lair.
 18116 | Lair:1   | Entered Level 1 of the Lair of Beasts
 18426 | D:13     | Reached skill level 1 in Charms
 18560 | D:13     | Noticed a centaur warrior
 18577 | D:13     | Killed a centaur warrior
 18577 | D:13     | Reached skill level 15 in Conjurations
 19003 | Lair:1   | Learned a level 2 spell: Repel Missiles
 19006 | Lair:1   | Learned a level 2 spell: Blink
 19120 | D:13     | Reached skill level 1 in Translocations
 19120 | D:13     | Reached skill level 1 in Air Magic
 19439 | Lair:1   | Offered knowledge of Freezing Cloud by Vehumet.
 20045 | Lair:2   | Learned a level 6 spell: Freezing Cloud
 20757 | Lair:3   | Reached skill level 5 in Ice Magic
 20779 | Lair:3   | Found a staircase to the Snake Pit.
 20815 | Lair:3   | Noticed a six-headed hydra
 20845 | Lair:3   | Killed a six-headed hydra
 21464 | Lair:3   | Noticed an eight-headed hydra
 21480 | Lair:3   | Killed an eight-headed hydra
 21480 | Lair:3   | Reached XP level 13. HP: 62/97 MP: 21/29
 21979 | Lair:4   | Noticed Rupert
 21979 | Lair:4   | Paralysed by Rupert for 6 turns
 22009 | Lair:4   | Paralysed by Rupert for 6 turns
 22345 | Lair:4   | Noticed a six-headed hydra
 22360 | Lair:4   | Killed a seven-headed hydra
 22672 | Lair:4   | Found a staircase to the Swamp.
 22686 | Lair:4   | Reached skill level 10 in Ice Magic
 23029 | Lair:4   | Paralysed by Rupert for 6 turns
 23041 | Lair:4   | Killed Rupert
 23556 | Lair:4   | Offered knowledge of Ozocubu's Refrigeration by Vehumet.
 24089 | Lair:5   | Reached skill level 1 in Traps
 24704 | Lair:6   | Noticed a six-headed hydra
 24711 | Lair:6   | Killed a six-headed hydra
 25114 | Lair:6   | Noticed a five-headed hydra
 25126 | Lair:6   | Killed a five-headed hydra
 26149 | Lair:7   | Found an iron altar of Okawaru.
 26215 | Lair:7   | Found a viscous altar of Jiyva.
 26215 | Lair:7   | Found a staircase to the Slime Pits.
 26694 | Lair:8   | Entered Level 8 of the Lair of Beasts
 27127 | Lair:8   | Noticed an eight-headed hydra
 27135 | Lair:8   | Killed an eight-headed hydra
 28051 | Lair:8   | Reached XP level 14. HP: 104/104 MP: 23/31
 28137 | Lair:8   | Reached skill level 10 in Spellcasting
 28581 | Lair:8   | Got a sparkling iron ring
 28641 | Lair:8   | Offered knowledge of Venom Bolt by Vehumet.
 29856 | Lair:8   | Offered knowledge of Poison Arrow by Vehumet.
 30302 | Orc:1    | Entered Level 1 of the Orcish Mines
 30820 | Orc:2    | Noticed Grum
 30825 | Orc:2    | Killed Grum
 31236 | Orc:1    | Noticed Maurice
 31244 | Orc:1    | Killed Maurice
 31343 | Orc:1    | Found a bloodstained altar of Trog.
 31544 | Orc:1    | Offered knowledge of Poisonous Cloud by Vehumet.
 32325 | Orc:4    | Entered Level 4 of the Orcish Mines
 32325 | Orc:4    | Found Kyecoe's Magical Wand Boutique.
 32325 | Orc:4    | Found Pyreiph's Magic Scroll Emporium.
 32332 | Orc:4    | Found Heafej's Book Boutique.
 32358 | Orc:4    | Bought a scroll of immolation for 11 gold pieces
 32358 | Orc:4    | Bought a scroll of identify for 22 gold pieces
 32358 | Orc:4    | Bought a scroll of identify for 22 gold pieces
 32358 | Orc:4    | Bought a scroll of magic mapping for 38 gold pieces
 32361 | Orc:4    | Identified the ring of Xom's Best Wishes {+Fly rElec rPois rF++ rN+ MR++} (You found it on level 8 of the Lair of Beasts)
 32364 | Orc:4    | Found a staircase to the Elven Halls.
 32452 | Orc:4    | Found Cuasuen's Magic Scroll Emporium.
 32462 | Orc:4    | Bought a scroll of identify for 26 gold pieces
 32462 | Orc:4    | Bought a scroll of recharging for 71 gold pieces
 32462 | Orc:4    | Bought a scroll of enchant armour for 71 gold pieces
 32462 | Orc:4    | Bought a scroll of identify for 26 gold pieces
 32479 | Orc:4    | Found Behidd's Distillery.
 32491 | Orc:4    | Bought a potion of brilliance for 45 gold pieces
 32491 | Orc:4    | Bought a potion of poison for 18 gold pieces
 32491 | Orc:4    | Bought a potion of blood for 18 gold pieces
 32847 | Orc:4    | Offered knowledge of Bolt of Cold by Vehumet.
 32856 | Orc:4    | Learned a level 6 spell: Bolt of Cold
 33081 | Orc:4    | Reached skill level 10 in Polearms
 33465 | Orc:4    | Found Clorruin's Magic Scroll Shoppe.
 33465 | Orc:4    | Found Tafydd's Magic Scroll Boutique.
 33587 | Orc:4    | Noticed an orc warlord
 33592 | Orc:4    | Killed an orc warlord
 33711 | Orc:4    | Found a roughly hewn altar of Beogh.
 34395 | Orc:4    | Found Klu Quf's Magic Scroll Shoppe.
 34395 | Orc:4    | Found Pnal Aph's Magic Scroll Boutique.
 34683 | D:14     | Entered Level 14 of the Dungeon
 35705 | D:15     | Entered Level 15 of the Dungeon
 35761 | D:15     | Found a staircase to the Vaults.
 35923 | D:15     | Noticed Sonja
 35927 | D:15     | Killed Sonja
 36003 | D:15     | Reached XP level 15. HP: 89/111 MP: 29/34
 36047 | D:15     | Offered knowledge of Lehudib's Crystal Spear by Vehumet.
 36047 | D:15     | Offered knowledge of Ice Storm by Vehumet.
 36047 | D:15     | Offered knowledge of Chain Lightning by Vehumet.
 36310 | D:15     | Found Ynlacach's Antique Weapon Emporium.
 36519 | D:15     | Noticed Roxanne
 36719 | Lair:1   | Learned a level 9 spell: Ice Storm
 36780 | D:15     | Noticed Maud
 37253 | D:15     | Killed Maud
 38526 | D:16     | Noticed Azrael
 38630 | D:16     | Found a shattered altar of Ashenzari.
 38692 | D:16     | Noticed Louise
 38705 | D:16     | Killed Louise
 38705 | D:16     | Reached skill level 15 in Ice Magic
 38746 | D:16     | Killed Azrael
 38808 | D:16     | Found Edodarch's Antique Weapon Emporium.
 40688 | D:18     | Reached XP level 16. HP: 86/118 MP: 22/34
 40692 | D:18     | Reached skill level 16 in Ice Magic
 41880 | D:18     | Noticed a frost giant
 41894 | D:18     | Killed a frost giant
 41894 | D:18     | Reached skill level 10 in Dodging
 41926 | D:18     | Mangled by a stone giant skeleton

Action                   |  1- 3 |  4- 6 |  7- 9 | 10-12 | 13-15 | 16-18 || total
-------------------------+-------+-------+-------+-------+-------+-------++-------
Melee: Unarmed           |    86 |    39 |       |       |       |       ||   125
       Whip              |       |    47 |    34 |       |       |       ||    81
       Falchion          |       |       |   275 |       |       |       ||   275
       Trident           |       |       |   180 |   609 |       |       ||   789
       Halberd           |       |       |       |   139 |   980 |   166 ||  1285
 Fire: Blowgun           |       |       |     9 |     9 |       |       ||    18
Throw: Dart              |     2 |    15 |    18 |       |       |       ||    35
       Javelin           |       |   125 |   143 |    59 |       |       ||   327
       Throwing net      |       |       |     1 |       |       |       ||     1
 Cast: Flame Tongue      |    58 |    57 |    78 |   270 |   396 |     7 ||   866
       Conjure Flame     |       |     3 |    19 |    62 |    15 |     1 ||   100
       Sticky Flame      |       |     1 |    29 |    65 |    44 |     2 ||   141
       Mephitic Cloud    |       |       |       |     3 |       |       ||     3
       Ozocubu's Armour  |       |       |       |     2 |    13 |     5 ||    20
       Fireball          |       |       |       |     2 |     6 |       ||     8
       Freezing Cloud    |       |       |       |       |   155 |     8 ||   163
       Blink             |       |       |       |       |    16 |       ||    16
       Bolt of Cold      |       |       |       |       |    42 |    12 ||    54
       Repel Missiles    |       |       |       |       |     5 |       ||     5
 Abil: Breathe Frost     |       |       |    21 |    13 |     1 |       ||    35
Evoke: Wand              |       |       |     3 |     9 |     3 |       ||    15
  Use: Scroll            |       |    10 |     1 |    16 |    14 |       ||    41
       Potion            |       |       |     3 |     2 |       |       ||     5
 Stab: Sleeping          |       |     2 |     1 |     3 |     2 |       ||     8
       Distracted        |       |       |       |       |     1 |       ||     1
